 Dungeon Crawl Stone Soup version 0.27-a0-988-g25969acef8 (webtiles) character file.

Game seed: 10340790870342017670

7 mojowtm the Shooter (level 1, -1/11 HPs)
             Began as a Spriggan Hunter on Apr 15, 2021.
             Slain by a +1 dire flail of flaming (4 damage)
             ... created by the rancor of the Wu Jian Council
             ... on level 1 of the Dungeon.
             The game lasted 00:01:19 (489 turns).

mojowtm the Shooter (Spriggan Hunter)                Turns: 489, Time: 00:01:20

Health: -1/11      AC:  2    Str:  8    XL:     1   Next: 83%
Magic:  2/2        EV: 17    Int: 12    God:
Gold:   10         SH:  0    Dex: 15    Spells: 0/0 levels left

rFire    . . .     SeeInvis +   a - +1 shortbow
rCold    . . .     Faith    .   (shield currently unavailable)
rNeg     . . .     Spirit   .   c - +0 robe
rPois    .         Reflect  .   (helmet restricted)
rElec    .         Harm     .   (no cloak)
rCorr    .         Rampage  .   (gloves unavailable)
Will     .....                  (boots unavailable)
Stlth    +.........             (no amulet)
HPRegen  0.03/turn              (no ring)
MPRegen  0.08/turn              (no ring)

@: confused, spiked, very quick
A: very small, no large weapons, unfitting armour, see invisible, speed 3
a: no special abilities


You were on level 1 of the Dungeon.
You visited 1 branch of the dungeon, and saw 1 of its levels.

You collected 10 gold pieces.

Inventory:

Hand Weapons
 a - a +1 shortbow (weapon)
 b - a +0 short sword
Missiles
 d - 18 arrows (quivered ammo)
Armour
 c - a +0 robe (worn)
Scrolls
 e - 2 scrolls of identify {unknown}
 f - a scroll of fog {unknown}


   Skills:
 + Level 1.7 Fighting
 + Level 4.9 Bows
 + Level 2.9 Dodging
 + Level 2.1 Stealth


You couldn't memorise any spells.
You didn't know any spells.
Your spell library was empty.

Dungeon Overview and Level Annotations

Branches:
Dungeon (1/15)

Altars:
Wu Jian


Innate Abilities, Weirdness & Mutations

You are very small and have problems with some larger weapons.
You are too small for most types of armour.
You have supernaturally acute eyesight. (SInv)
You cover ground extremely quickly. (Speed+++)


Message History

d - 7 arrows (gained 1)
e - 2 scrolls labelled UGUJOULAOG (gained 1)
A rat comes into view.
You see here 4 arrows.
A rat is nearby!
A rat is nearby!
A rat is nearby!
You shoot an arrow. The arrow hits the rat.
The rat is severely wounded.
You shoot an arrow. The arrow hits the rat.
You kill the rat!
No target in view!
No target in view!
No target in view!
No target in view!
No target in view!
No target in view!
d - 9 arrows (gained 4)
d - 10 arrows (gained 1)
d - 11 arrows (gained 1)
d - 12 arrows (gained 1)
d - 13 arrows (gained 1)
d - 14 arrows (gained 1)
You see here a ball python corpse.
d - 15 arrows (gained 1)
You see here a ball python skeleton.
d - 16 arrows (gained 1)
d - 18 arrows (gained 2) Sifu Gene Jian Bin says: Die by a thousand cuts!
The divine experience confuses you!
You are confused. 5 dancing weapons come into view.
There is a +1 quarterstaff of flaming.
There is a +2 quarterstaff of flaming.
There is a +2 vorpal dire flail.
There is a +4 glaive of flaming.
There is a +1 dire flail of flaming.
There are monsters nearby!
There are monsters nearby!
The +1 quarterstaff of flaming barely misses you.
The +1 dire flail of flaming hits you!
Ouch! That really hurt!
* * * LOW HITPOINT WARNING * * *
The +1 dire flail of flaming burns you.
You die...

#.#############
#.............#
#.............#
#.............#
#..........)..#
########..............
#....................#
###.#######............#
#...#((@((..........####
#.###(#######.#####.#
#.# #.#...........#.#
#.# #.#..####^###.#.#
#.###.##.# #.# #.#.####
#..####..####.# #.......
#...^_#.......# #.......
#.############# #.......
#.# #...# #.#.####


You could see 5 dancing weapons.

Vanquished Creatures
  2 ball pythons (D:1)
  2 endoplasms (D:1)
  A bat (D:1)
  A kobold (D:1)
  A rat (D:1)
7 creatures vanquished.

Notes
Turn   | Place    | Note
-------+----------+-------------------------------------------
     0 | D:1      | mojowtm the Spriggan Hunter began the quest for the Orb.
     0 | D:1      | Reached XP level 1. HP: 10/10 MP: 2/2
    92 | D:1      | Found a faded altar of an unknown god.
    97 | D:1      | Became a worshipper of the Wu Jian Council
    97 | D:1      | Reached * piety under Wu Jian
    98 | D:1      | Fell from the grace of Wu Jian
   487 | D:1      | Noticed a +1 quarterstaff of flaming
   487 | D:1      | Noticed a +2 quarterstaff of flaming
   487 | D:1      | Noticed a +2 vorpal dire flail
   487 | D:1      | Noticed a +4 glaive of flaming
   487 | D:1      | Noticed a +1 dire flail of flaming
   489 | D:1      | Slain by a +1 dire flail of flaming

Illustrated notes

Levels and vault maps discovered:
D:1:      minmay_arrival_hallway, layout_basic,
          hellmonk_ecumenical_altar_leap_of_faith, minmay_lizard_pond

Skill      XL: |  1 |
---------------+----+-----
Stealth        | 2 |  2.1
Fighting       | |  1.7
Bows           | |  4.9
Dodging        | |  2.9

Action                   || total
-------------------------++-------
 Fire: Shortbow          ||    19
Invok: Renounce Religion ||     1
Dodge: Dodged            ||     4

Table legend: (Time is in decaauts)
 A = Elapsed time spent in this place.
 B = Non-inter-level travel time spent in this place.
 C = Inter-level travel time spent in this place.
 D = Time resting spent in this place.
 E = Time spent auto-exploring this place.
 F = Levels seen in this place.
 G = Mean time per level.
                   A        B        C        D        E       F      G
               +--------+--------+--------+--------+--------+-----+--------+
         Total |    361 |    361 |      0 |      0 |    324 |   1 |  361.0 |
       Dungeon |    361 |    361 |      0 |      0 |    324 |   1 |  361.0 |
               +--------+--------+--------+--------+--------+-----+--------+

Top non-repeatable levels by time:
     D:1: 361 daAuts
